 Dungeon Crawl Stone Soup version 0.29.0-4-gdea44cf6ec (webtiles) character file.

Game seed: 15764311460891424096

170363 qw the Severer (level 17, -2/130 (154) HPs)
             Began as a Minotaur Fighter on Sept 5, 2022.
             Was the Champion of Ru.
             Drowned by a water elemental (4 damage)
             ... summoned by Ilsuiw
             ... on level 4 of the Shoals.
             The game lasted 00:16:07 (37062 turns).

qw the Severer (Minotaur Fighter)                  Turns: 37062, Time: 00:16:07

HP:   -2/130 (154)  AC: 31    Str: 35    XL:     17   Next: 37%
MP:   14/14         EV:  9    Int: 10    God:    Ru [******]
Gold: 584           SH: 25    Dex: 13    Spells: 16/16 levels left

rFire   . . .      SeeInvis +   Y - +1 broad axe (elec)
rCold   + . .      Faith    .   l - +1 tower shield {rPois}
rNeg    + + .      Spirit   .   c - +0 plate armour of Perar {rC++}
rPois   +          Reflect  +   s - +2 hat
rElec   +          Harm     .   a - +1 cloak
rCorr   .          Rampage  .   x - +1 pair of gloves of an ossuary {rC- rN++ Str+4}
Will    ++...                   q - +2 pair of boots
Stlth   ..........              k - amulet of Fouplore {Reflect +Blink Str+2 SH+5}
HPRegen 0.31/turn               p - ring "Uxahiom" {AC+4 Str+3 Int+5}
MPRegen 0.14/turn               i - ring of see invisible

@: exhausted, engulfed (cannot breathe), mesmerised, heavily drained, very slow
A: horns 2, inability to use devices, hated by all, unskilled 2, retaliatory
headbutt, low MP 1, strong-willed 1, shaggy fur 1, electricity resistance
a: Renounce Religion, Draw Out Power, Power Leap, Apocalypse


You were on level 4 of the Shoals.
You worshipped Ru.
Ru was exalted by your worship.
You visited 6 branches of the dungeon, and saw 30 of its levels.

You collected 3635 gold pieces.
You spent 3051 gold pieces at shops.


Innate Abilities, Weirdness & Mutations

You have a pair of horns on your head.
You cannot study or use magical devices.
You are hated by all.
You are unskilled. (-2 Apt)
You reflexively headbutt those who attack you in melee.
Your magical capacity is low. (-10% MP)
You are strong-willed. (Will+)
You are covered in fur. (AC +1)
You are resistant to electric shocks. (rElec)


   Skills:
 - Level 14.5 Fighting
 - Level 19.0 Axes
 - Level 3.3 Throwing
 - Level 13.1 Armour
 - Level 6.6 Dodging
 + Level 16.4 Shields


You had 16 spell levels left.
You didn't know any spells.
Your spell library was empty.

Inventory:

Hand Weapons
 z - a +1 hand axe of flaming
 Y - a +1 broad axe of electrocution (weapon)
Missiles
 w - 8 boomerangs (quivered)
Armour
 a - a +1 cloak (worn)
 c - the +0 plate armour of Perar (worn) {rC++}
   (You found it on level 13 of the Dungeon)

   rC:        It greatly protects you from cold.
 l - a +1 tower shield of poison resistance (worn)
 n - a +3 plate armour
 o - a +1 pair of gloves
 q - a +2 pair of boots (worn)
 s - a +2 hat (worn)
 t - a +7 plate armour of ponderousness
 x - the +1 pair of gloves of an ossuary (worn) {rC- rN++ Str+4}
   (You found it on level 10 of the Dungeon)

   Str:       It affects your strength (+4).
   rC:        It makes you vulnerable to cold.
   rN:        It greatly protects you from negative energy.
Jewellery
 f - a ring of fire
 h - a ring of fire
 i - a ring of see invisible (right hand)
 k - the amulet of Fouplore (around neck) {Reflect +Blink Str+2 SH+5}
   (You acquired it on level 12 of the Dungeon)

   [amulet of reflection]

   It reflects blocked missile attacks.
   Str:       It affects your strength (+2).
   +Blink:    It lets you blink.
   SH:        It affects your SH (+5).
 p - the ring "Uxahiom" (left hand) {AC+4 Str+3 Int+5}
   (You bought it in a shop on level 15 of the Dungeon)

   [ring of protection]

   AC:        It affects your AC (+4).
   Str:       It affects your strength (+3).
   Int:       It affects your intelligence (+5).
 v - the ring "Zonn" {rF- rC+ rN++ SInv}
   (You bought it in a shop on level 15 of the Dungeon)

   [ring of see invisible]

   rF:        It makes you vulnerable to fire.
   rC:        It protects you from cold.
   rN:        It greatly protects you from negative energy.
   SInv:      It lets you see invisible.
 y - a ring of poison resistance
 A - a +4 ring of evasion
Scrolls
 e - 13 scrolls of identify
Potions
 d - 9 potions of might
 j - a potion of cancellation
 m - 8 potions of mutation
 r - 11 potions of curing
 u - 4 potions of haste

Dungeon Overview and Level Annotations

Branches:
Dungeon (15/15)            Temple (1/1) D:4            Lair (5/5) D:8
 Shoals (4/4) Lair:3       Spider (3/4) Lair:2        Slime (0/5) Lair:5
    Orc (2/2) D:11            Elf (0/3) Orc:2        Vaults (0/5) D:13
 Depths (0/4) D:15

Altars:
Cheibriados
Dithmenos
Elyvilon
Gozag
Kikubaaqudgha
Makhleb
Nemelex Xobeh
Okawaru
Ru
Sif Muna
Trog
Uskayaw
Vehumet
Wu Jian
Xom
Zin
The Shining One
Lugonu

Shops:
D:8 !   D:15 =   Orc:1 *   Orc:2 (=*(   Shoals:1 [   Shoals:3 **

Portals:
Abyss: Lair:5

Annotations:
D:9 1 runed translucent door
D:10 3 runed translucent doors
Shoals:4 Ilsuiw


Message History

Ilsuiw closely misses you. You furiously retaliate!
You headbutt Ilsuiw!
You redirect the merfolk siren's attack!
The merfolk hits you from afar with a +1 trident of holy wrath!
The merfolk barely misses you.
The merfolk siren chants its luring song.
Your unstable footing causes you to fumble your attack.
You block the merfolk's attack.
Ilsuiw mumbles some strange words.
Your unstable footing causes you to fumble your attack.
The merfolk impaler hits you from afar with a +1 demon trident of electrocution!!
The merfolk hits you but does no damage.
The merfolk siren chants its luring song.
Ilsuiw is stunned by your conviction and fails to attack.
The merfolk hits you but does no damage.
You block the merfolk impaler's attack.
Your unstable footing causes you to fumble your attack.
You block the water elemental's attack. You block Ilsuiw's attack.
The merfolk siren chants its luring song.
The merfolk hits you from afar with a +0 trident.
The merfolk impaler hits you but does no damage.
You block the merfolk's attack.
You closely miss Ilsuiw. Your headbutt misses Ilsuiw.
Ilsuiw is heavily wounded.
You hit the water elemental but do no damage.
You hit the merfolk siren.
Lightning courses through the merfolk siren!
You barely miss the water elemental. The merfolk impaler closely misses you.
You block the water elemental's attack.
You redirect Ilsuiw's attack!
Ilsuiw is stunned by your conviction and fails to attack.
The merfolk siren chants its luring song.
The merfolk hits you from afar with a +0 trident!
The water elemental hits you!
The water elemental engulfs you in water!
You block the merfolk impaler's attack. The merfolk barely misses you.
Ilsuiw gestures at you while chanting.
The shard of ice reflects off an invisible shield around you!
The shard of ice hits Ilsuiw!
Your unstable footing causes you to fumble your attack.
You die...

~~~~~~~............#~
~~~~~~~~.##........~~
~~~~~~~~..#.).)....#~
~~~~~~~~~.^..).....~#
~~~~~~~~~$)..)......~
~~~~~~~~~~~..........
~~~~~~%%~~~)m....~...
~~~~~~~~~%~E~~~~~~...
~~~~~~~~~~@~~~~~.~...
~~~~~~~~%mmE~~~~~~..<
~~~~~~~~~~~mm~..~~.~~
~~~~~~~~~~~~.......~
~~.~
~~~~~~~~~~~$#####...
~~.. ~#######~~~~##
##. ~~~~~ ##~~~.##
~..~. ##~~..## ...~~.
#~.P..#####.~~~~~


You could see Ilsuiw (invisible), a merfolk impaler, 2 merfolk, 2 water
elementals and a merfolk siren (mesmerising).

Vanquished Creatures
  Arachne (Spider:1)
  Rupert (D:13)
  Roxanne (Spider:2)
  2 emperor scorpions (Spider:2)
  A ghost moth (Spider:1)
  An ironbound preserver (D:13)
  2 broodmothers (Spider:2)
  4 entropy weavers
  A dire elephant (D:14)
  2 spark wasps
  Snorg (Lair:5)
  A fire dragon (D:10)
  2 merfolk javelineers (Shoals:4)
  2 merfolk impalers
  8 boulder beetles
  An ice dragon (D:10)
  6 hydras
  An ogre mage (D:12)
  6 centaur warriors
  2 merfolk avatars
  3 radroaches
  8 two-headed ogres
  3 satyrs
  2 merfolk aquamancers
  4 orc high priests
  3 thrashing horrors (Lair:5)
  5 tengu warriors
  4 death yaks (Lair:5)
  3 pharaoh ants
  6 steelbarb worms
  10 sea snakes
  A wizard (D:14)
  3 orb spiders
  23 harpies
  An orc knight (Orc:1)
  5 deep elf pyromancers
  6 wolf spiders
  2 orc sorcerers (Orc:2)
  13 ugly things
  8 fauns
  10 cyclopes
  9 manticores
  18 elephants
  2 moths of wrath
  A black mamba (Lair:1)
  6 merfolk sirens
  A naga mage (D:15)
  A torpor snail (shapeshifter) (D:15)
  2 smoke demons (Lair:5)
  4 torpor snails
  2 gargoyles (D:10)
  7 water nymphs
  3 cane toads
  7 demonic crawlers
  Maggie (D:5)
  6 tengu conjurers
  A rime drake (Lair:4)
  2 efreet
  14 komodo dragons
  A yaktaur (D:15)
  6 kobold demonologists
  2 ancient zymes (Lair:5)
  10 trolls
  22 merfolk
  A meliai (D:11)
  4 wind drakes
  Prince Ribbit (D:6)
  20 blink frogs
  6 hornets
  A polar bear (Lair:5)
  7 slime creatures
  6 dream sheep
  9 tarantellas
  23 jumping spiders
  5 snapping turtles
  A shadow (D:11)
  4 water elementals
  A culicivora (shapeshifter) (Lair:5)
  3 culicivoras
  A spriggan (Lair:5)
  A vampire (D:12)
  7 wyverns
  2 ynoxinuls (Lair:5)
  4 wraiths
  A fire elemental (D:14)
  A chaos spawn (Lair:5)
  80 yaks
  5 basilisks
  4 steam dragons
  10 vampire mosquitoes
  25 redbacks
  A large abomination (Lair:5)
  4 wargs
  Edmund (D:6)
  21 water moccasins
  3 acid dragons
  A floating eye (D:12)
  Duvessa (D:6)
  17 orc warriors
  A sky beast (D:8)
  4 black bears
  An ice beast (D:6)
  5 wolves (Lair:2)
  2 ogres
  8 boggarts (D:14)
  12 centaurs
  A phantom (D:4)
  3 kobold brigands
  Blork the orc (D:6)
  A gnoll sergeant (D:10)
  15 bullfrogs
  A necrophage (D:7)
  7 scorpions
  9 small abominations (Lair:5)
  Dowan (D:6)
  A vampire bat (Orc:2)
  4 electric eels
  9 howler monkeys
  A lava snake (D:14)
  3 hounds
  4 jellies
  23 orc priests
  2 gnoll boudas
  Jessica (D:2)
  4 iguanas
  Natasha (thrice) (D:2)
  28 orc wizards
  Robin (D:2)
  24 gnolls
  4 adders
  A shadow imp (D:5)
  15 white imps
  An ufetubus (D:7)
  A worm (D:3)
  A dart slug (D:3)
  55 orcs
  4 ball pythons
  13 bats
  23 endoplasms
  15 goblins
  5 hobgoblins
  22 kobolds
  A quokka (D:4)
  A fire vortex (D:14)
921 creatures vanquished.

Vanquished Creatures (others)
  2 fauns (Shoals:2)
  A tarantella (Spider:2)
  A blink frog (Lair:5)
  A culicivora (Spider:2)
  A redback (Spider:2)
  A small abomination (Lair:5)
  A gnoll (D:10)
  An orc (D:13)
  88 fungi
  100 plants
197 creatures vanquished.

Grand Total: 1118 creatures vanquished

Notes
Turn   | Place    | Note
-------+----------+-------------------------------------------
     0 | D:1      | qw the Minotaur Fighter began the quest for the Orb.
     0 | D:1      | Reached XP level 1. HP: 19/19 MP: 0/0
     0 | D:1      | 0 ||| qw: Version: 0.1-a-104-g96f76f8
     0 | D:1      | 0 ||| qw: Game counter: 5885
     0 | D:1      | 0 ||| qw: Always use a shield: true
     0 | D:1      | 0 ||| qw: God list: Ru
     0 | D:1      | 0 ||| qw: Allow faded altars: false
     0 | D:1      | 0 ||| qw: Do Orc after D:15 true
     0 | D:1      | 0 ||| qw: Do second Lair branch before Depths: true
     0 | D:1      | 0 ||| qw: Lair rune preference: random
     0 | D:1      | 0 ||| qw: Plans: Normal
     0 | D:1      | 0 ||| PLANNING D:1-11
   141 | D:1      | Found a faded altar of an unknown god.
   171 | D:1      | Reached skill level 3 in Axes
   492 | D:1      | 492 ||| UPGRADING to +0 pair of boots.
   497 | D:1      | 497 ||| UPGRADING to amulet of guardian spirit.
   502 | D:1      | 502 ||| UPGRADING to +4 ring of evasion.
   503 | D:1      | 503 ||| READING scroll labelled XISESO VURACS.
   504 | D:1      | 504 ||| READING scroll labelled FEPNAI XOICUTU.
   505 | D:1      | 505 ||| READING 2 scrolls labelled NONLIV DOXOFUK.
   510 | D:2      | Noticed Natasha
   516 | D:2      | Reached XP level 2. HP: 22/26 MP: 1/1
   517 | D:2      | Killed Natasha
   518 | D:2      | Reached skill level 4 in Axes
   518 | D:2      | Reached XP level 3. HP: 16/31 MP: 2/2
   568 | D:2      | 568 ||| FLEEEEING.
   569 | D:2      | 569 ||| FLEEEEING.
   571 | D:2      | 571 ||| STAIRDANCE
   728 | D:2      | 728 ||| Stepping ~*~*~tactically~*~*~ (hiding).
   729 | D:2      | 729 ||| Stepping ~*~*~tactically~*~*~ (hiding).
   774 | D:2      | 774 ||| DROPPING +0 club.
   913 | D:2      | Noticed Natasha
   927 | D:2      | Killed Natasha
   928 | D:2      | Reached skill level 5 in Axes
   928 | D:2      | Reached XP level 4. HP: 23/39 MP: 3/3
  1059 | D:2      | Noticed Jessica
  1060 | D:2      | 1060 ||| Stepping ~*~*~tactically~*~*~ (hiding).
  1065 | D:2      | Noticed Natasha
  1072 | D:2      | Killed Jessica
  1073 | D:2      | Reached skill level 1 in Dodging
  1077 | D:2      | Killed Natasha
  1212 | D:2      | Found a glowing silver altar of Zin.
  1353 | D:2      | 1353 ||| Stepping ~*~*~tactically~*~*~ (hiding).
  1360 | D:2      | Noticed Robin
  1371 | D:2      | Reached XP level 5. HP: 41/45 MP: 4/4
  1371 | D:2      | Killed Robin
  1372 | D:2      | Reached skill level 6 in Axes
  1375 | D:2      | 1375 ||| Stepping ~*~*~tactically~*~*~ (stealth).
  1384 | D:2      | 1384 ||| Stepping ~*~*~tactically~*~*~ (stealth).
  1407 | D:2      | 1407 ||| Stepping ~*~*~tactically~*~*~ (stealth).
  1411 | D:2      | 1411 ||| Stepping ~*~*~tactically~*~*~ (stealth).
  1651 | D:2      | 1651 ||| UPGRADING to +0 chain mail.
  1661 | D:2      | 1661 ||| DROPPING +0 scale mail.
  1662 | D:2      | 1662 ||| UPGRADING to ring of willpower.
  1663 | D:2      | 1663 ||| READING scroll labelled UCA PUIROIBBUE.
  1796 | D:2      | 1796 ||| READING scroll labelled PONKEGROEQEC.
  1797 | D:2      | 1797 ||| READING scroll labelled FYMUNEC HUDUU.
  1798 | D:2      | 1798 ||| DRINKING 2 ruby potions.
  1799 | D:2      | 1799 ||| DRINKING 2 fuming sapphire potions.
  1800 | D:2      | 1800 ||| DROPPING potion of flight.
  1801 | D:2      | 1801 ||| DROPPING potion of magic.
  1916 | D:3      | 1916 ||| DROPPING +0 whip.
  2440 | D:3      | Found a hide-covered altar of Uskayaw.
  2544 | D:3      | 2544 ||| Stepping ~*~*~tactically~*~*~ (hiding).
  2704 | D:3      | 2704 ||| DROPPING ring of magical power.
  2705 | D:3      | 2705 ||| READING scroll labelled VIN EMEETOLUA.
  2706 | D:3      | 2706 ||| READING scroll labelled GOBLEA DOMEOM.
  2806 | D:4      | Reached skill level 7 in Axes
  2854 | D:4      | 2854 ||| Stepping ~*~*~tactically~*~*~ (stealth).
  2860 | D:4      | Reached XP level 6. HP: 49/52 MP: 5/5
  2863 | D:4      | Found a staircase to the Ecumenical Temple.
  2864 | D:4      | 2864 ||| PLANNING TEMPLE
  2886 | Temple   | Entered the Ecumenical Temple
  2926 | Temple   | Became a worshipper of Ru the Awakened
  2932 | Temple   | 2932 ||| PLANNING D:1-11
  3001 | D:4      | Reached skill level 8 in Axes
  3260 | D:4      | Found a sparkling altar of Nemelex Xobeh.
  3463 | D:4      | Reached XP level 7. HP: 48/59 MP: 6/6
  3464 | D:4      | Reached skill level 9 in Axes
  3537 | D:4      | 3537 ||| Stepping ~*~*~tactically~*~*~ (hiding).
  3781 | D:4      | 3781 ||| READING scroll labelled MEMPYMEITU.
  3782 | D:4      | 3782 ||| DRINKING 2 glowing dark potions.
  3782 | D:4      | Gained mutation: You are covered in fur. (AC +1) [potion of
                  | mutation]
  3782 | D:4      | Gained mutation: You have hidden genetic potential. [potion
                  | of mutation]
  3782 | D:4      | Gained mutation: You are resistant to electric shocks.
                  | (rElec) [potion of mutation]
  3796 | D:5      | Entered Level 5 of the Dungeon
  3834 | D:5      | 3834 ||| Stepping ~*~*~tactically~*~*~ (stealth).
  3836 | D:5      | 3836 ||| Stepping ~*~*~tactically~*~*~ (stealth).
  3839 | D:5      | 3839 ||| Stepping ~*~*~tactically~*~*~ (stealth).
  3980 | D:5      | 3980 ||| Stepping ~*~*~tactically~*~*~ (hiding).
  4175 | D:5      | Reached skill level 10 in Axes
  4183 | D:5      | Reached skill level 1 in Throwing
  4191 | D:5      | Reached XP level 8. HP: 54/70 MP: 7/7
  4307 | D:5      | 4307 ||| INVOKING Sacrifice Love.
  4307 | D:5      | Gained mutation: You are hated by all. [Ru sacrifice]
  4307 | D:5      | Reached * piety under Ru
  4307 | D:5      | Reached ** piety under Ru
  4521 | D:5      | 4521 ||| UPGRADING to +1 pair of gloves.
  4526 | D:5      | 4526 ||| READING scroll labelled LANWAU KAACITT.
  4527 | D:5      | 4527 ||| DRINKING 2 metallic ruby potions.
  4557 | D:6      | Noticed Maggie
  4558 | D:6      | 4558 ||| Stepping ~*~*~tactically~*~*~ (hiding).
  4563 | D:6      | 4563 ||| STAIRDANCE
  4580 | D:5      | Killed Maggie
  4587 | D:5      | Gained mutation: Your spells are a little harder to cast,
                  | but a little more powerful. [hidden potential]
  4708 | D:5      | 4708 ||| UPGRADING to +0 swamp dragon scales.
  4802 | D:6      | 4802 ||| Stepping ~*~*~tactically~*~*~ (hiding).
  4811 | D:6      | Reached skill level 6 in Fighting
  4821 | D:6      | 4821 ||| Stepping ~*~*~tactically~*~*~ (stealth).
  4822 | D:6      | 4822 ||| Stepping ~*~*~tactically~*~*~ (stealth).
  4824 | D:6      | 4824 ||| Stepping ~*~*~tactically~*~*~ (stealth).
  4865 | D:6      | Noticed Edmund
  4879 | D:6      | Killed Edmund
  5033 | D:6      | 5033 ||| UPGRADING to +2 hat.
  5076 | D:6      | 5076 ||| READING 3 scrolls of teleportation.
  5077 | D:6      | 5077 ||| STAIRDANCE
  5133 | D:6      | Noticed Duvessa
  5133 | D:6      | Noticed Dowan
  5134 | D:6      | 5134 ||| STAIRDANCE
  5148 | D:6      | 5148 ||| STAIRDANCE
  5164 | D:6      | Killed Dowan
  5166 | D:6      | Killed Duvessa
  5167 | D:6      | Reached skill level 11 in Axes
  5167 | D:6      | 5167 ||| STAIRDANCE
  5441 | D:6      | Found a shimmering altar of Xom.
  5549 | D:6      | Noticed Prince Ribbit
  5549 | D:6      | Noticed Blork the orc
  5550 | D:6      | 5550 ||| Stepping ~*~*~tactically~*~*~ (stealth).
  5552 | D:6      | 5552 ||| Stepping ~*~*~tactically~*~*~ (stealth).
  5563 | D:6      | Killed Prince Ribbit
  5564 | D:6      | Reached skill level 12 in Axes
  5564 | D:6      | Reached XP level 9. HP: 67/75 MP: 8/8
  5564 | D:6      | 5564 ||| Stepping ~*~*~tactically~*~*~ (hiding).
  5576 | D:6      | Killed Blork the orc
  5577 | D:6      | Reached skill level 3 in Dodging
  5780 | D:6      | 5780 ||| DROPPING +6 ring of intelligence.
  5781 | D:6      | 5781 ||| DRINKING 4 fizzy ruby potions.
  5782 | D:6      | 5782 ||| READING 3 scrolls of teleportation.
  5787 | D:6      | 5787 ||| READING 2 scrolls of teleportation.
  5863 | D:7      | 5863 ||| Stepping ~*~*~tactically~*~*~ (cloud).
  5864 | D:7      | Gained mutation: You are strong-willed. (Will+) [hidden
                  | potential]
  5864 | D:7      | Lost mutation: You have hidden genetic potential. [hidden
                  | potential expressed]
  6222 | D:7      | Reached skill level 13 in Axes
  6567 | D:7      | 6567 ||| DRINKING 2 green potions.
  6568 | D:7      | 6568 ||| DRINKING 2 sapphire potions.
  6599 | D:7      | 6599 ||| DROPPING potion of attraction.
  6600 | D:7      | 6600 ||| DROPPING potion of lignification.
  6645 | D:8      | 6645 ||| Stepping ~*~*~tactically~*~*~ (hiding).
  6646 | D:8      | 6646 ||| Stepping ~*~*~tactically~*~*~ (hiding).
  6648 | D:8      | 6648 ||| Stepping ~*~*~tactically~*~*~ (hiding).
  6649 | D:8      | 6649 ||| Stepping ~*~*~tactically~*~*~ (hiding).
  6650 | D:8      | 6650 ||| Stepping ~*~*~tactically~*~*~ (hiding).
  6661 | D:8      | 6661 ||| Stepping ~*~*~tactically~*~*~ (stealth).
  6662 | D:8      | 6662 ||| Stepping ~*~*~tactically~*~*~ (stealth).
  6669 | D:8      | 6669 ||| Stepping ~*~*~tactically~*~*~ (stealth).
  6702 | D:8      | 6702 ||| Stepping ~*~*~tactically~*~*~ (stealth).
  6704 | D:8      | 6704 ||| Stepping ~*~*~tactically~*~*~ (stealth).
  6719 | D:8      | 6719 ||| Stepping ~*~*~tactically~*~*~ (stealth).
  6729 | D:8      | 6729 ||| FLEEEEING.
  6777 | D:8      | 6777 ||| Stepping ~*~*~tactically~*~*~ (stealth).
  6868 | D:8      | 6868 ||| Stepping ~*~*~tactically~*~*~ (hiding).
  6870 | D:8      | 6870 ||| Stepping ~*~*~tactically~*~*~ (hiding).
  6917 | D:8      | 6917 ||| Stepping ~*~*~tactically~*~*~ (stealth).
  6944 | D:8      | 6944 ||| FLEEEEING.
  6945 | D:8      | 6945 ||| FLEEEEING.
  6953 | D:8      | 6953 ||| FLEEEEING.
  6954 | D:8      | 6954 ||| FLEEEEING.
  6955 | D:8      | 6955 ||| FLEEEEING.
  6956 | D:8      | 6956 ||| FLEEEEING.
  6957 | D:8      | 6957 ||| FLEEEEING.
  6958 | D:8      | 6958 ||| FLEEEEING.
  6959 | D:8      | 6959 ||| FLEEEEING.
  6960 | D:8      | 6960 ||| FLEEEEING.
  6961 | D:8      | 6961 ||| FLEEEEING.
  6962 | D:8      | 6962 ||| FLEEEEING.
  6963 | D:8      | 6963 ||| FLEEEEING.
  6964 | D:8      | 6964 ||| FLEEEEING.
  6966 | D:8      | 6966 ||| FLEEEEING.
  6967 | D:8      | 6967 ||| FLEEEEING.
  6968 | D:8      | 6968 ||| FLEEEEING.
  6975 | D:8      | 6975 ||| FLEEEEING.
  6976 | D:8      | 6976 ||| FLEEEEING.
  6977 | D:8      | 6977 ||| STAIRDANCE
  7057 | D:8      | 7057 ||| Stepping ~*~*~tactically~*~*~ (stealth).
  7106 | D:8      | Reached XP level 10. HP: 88/88 MP: 9/9
  7108 | D:8      | Reached skill level 14 in Axes
  7254 | D:8      | Found Koen's Distillery.
  7261 | D:8      | 7261 ||| BUYING 2 potions of curing (78 gold).
  7261 | D:8      | Bought 2 potions of curing for 78 gold pieces
  7261 | D:8      | 7261 ||| BUYING potion of cancellation (104 gold).
  7261 | D:8      | Bought a potion of cancellation for 104 gold pieces
  7261 | D:8      | 7261 ||| BUYING potion of curing (39 gold).
  7261 | D:8      | Bought a potion of curing for 39 gold pieces
  7261 | D:8      | 7261 ||| BUYING potion of heal wounds (65 gold).
  7261 | D:8      | Bought a potion of heal wounds for 65 gold pieces
  7261 | D:8      | 7261 ||| SHOPLISTING potion of mutation (104 gold, have
                  | 67).
  7421 | D:8      | 7421 ||| Stepping ~*~*~tactically~*~*~ (hiding).
  7532 | D:8      | 7532 ||| Stepping ~*~*~tactically~*~*~ (hiding).
  7542 | D:8      | 7542 ||| Stepping ~*~*~tactically~*~*~ (hiding).
  7552 | D:8      | Reached skill level 15 in Axes
  7673 | D:8      | 7673 ||| DROPPING +1 whip of electrocution.
  7677 | D:8      | 7677 ||| Stepping ~*~*~tactically~*~*~ (stealth).
  7695 | D:8      | 7695 ||| Stepping ~*~*~tactically~*~*~ (hiding).
  7699 | D:8      | Found a staircase to the Lair.
  7705 | D:8      | Reached skill level 9 in Fighting
  7797 | D:8      | 7797 ||| INVOKING Sacrifice Artifice.
  7797 | D:8      | Gained mutation: You cannot study or use magical devices.
                  | [Ru sacrifice]
  7797 | D:8      | Reached *** piety under Ru
  7797 | D:8      | Reached **** piety under Ru
  8033 | D:8      | 8033 ||| PLANNING LAIR
  8033 | D:8      | 8033 ||| DROPPING +0 chain mail.
  8034 | D:8      | 8034 ||| UPGRADING to +7 plate armour of ponderousness.
  8044 | D:8      | 8044 ||| DROPPING +0 swamp dragon scales.
  8045 | D:8      | 8045 ||| UPGRADING to ring of see invisible.
  8047 | D:8      | 8047 ||| READING 3 scrolls of identify.
  8047 | D:8      | 8047 ||| IDENTIFYING bubbling pink potion
  8099 | Lair:1   | Entered Level 1 of the Lair of Beasts
  8100 | Lair:1   | 8100 ||| PLANNING GAUNTLET
  8118 | Lair:1   | Reached skill level 6 in Armour
  8165 | Lair:1   | 8165 ||| Stepping ~*~*~tactically~*~*~ (stealth).
  8166 | Lair:1   | 8166 ||| Stepping ~*~*~tactically~*~*~ (stealth).
  8187 | Lair:1   | 8187 ||| Stepping ~*~*~tactically~*~*~ (stealth).
  8213 | Lair:1   | Noticed a black mamba
  8220 | Lair:1   | Killed a black mamba
  8531 | Lair:1   | 8531 ||| RIP GAUNTLET
  8544 | Lair:1   | 8544 ||| PLANNING LAIR
  8562 | Lair:1   | Reached XP level 11. HP: 90/97 MP: 8/10
  8566 | Lair:1   | Reached skill level 16 in Axes
  8665 | Lair:1   | Reached skill level 6 in Shields
  8711 | Lair:1   | Reached skill level 9 in Armour
  8833 | Lair:1   | 8833 ||| Stepping ~*~*~tactically~*~*~ (stealth).
  9144 | Lair:1   | 9144 ||| Stepping ~*~*~tactically~*~*~ (stealth).
  9335 | Lair:1   | Reached skill level 17 in Axes
  9441 | Lair:1   | 9441 ||| READING scroll labelled JIETZI BYIRR.
  9461 | Lair:2   | 9461 ||| Stepping ~*~*~tactically~*~*~ (stealth).
  9598 | Lair:2   | 9598 ||| Stepping ~*~*~tactically~*~*~ (stealth).
  9663 | Lair:2   | 9663 ||| Stepping ~*~*~tactically~*~*~ (stealth).
  9665 | Lair:2   | 9665 ||| Stepping ~*~*~tactically~*~*~ (stealth).
  9668 | Lair:2   | 9668 ||| Stepping ~*~*~tactically~*~*~ (stealth).
  9672 | Lair:2   | 9672 ||| Stepping ~*~*~tactically~*~*~ (stealth).
  9688 | Lair:2   | 9688 ||| Stepping ~*~*~tactically~*~*~ (stealth).
  9710 | Lair:2   | Reached XP level 12. HP: 96/110 MP: 9/11
  9759 | Lair:2   | 9759 ||| INVOKING Reject Sacrifices.
  9798 | Lair:2   | Found a hole to the Spider Nest.
 10068 | Lair:2   | Found a frozen archway.
 10225 | Lair:2   | 10225 ||| READING scroll of enchant weapon.
 10225 | Lair:2   | 10225 ||| ENCHANTING +1 war axe.
 10392 | Lair:2   | 10392 ||| Stepping ~*~*~tactically~*~*~ (stealth).
 10556 | Lair:2   | 10556 ||| READING scroll labelled XEUSECLA MUDOUPT.
 10557 | Lair:2   | 10557 ||| READING scroll labelled XEGOTEYNAN.
 10578 | Lair:3   | 10578 ||| Stepping ~*~*~tactically~*~*~ (stealth).
 10592 | Lair:3   | Reached skill level 12 in Fighting
 10692 | Lair:3   | 10692 ||| STAIRDANCE
 10752 | Lair:3   | Noticed a four-headed hydra
 10758 | Lair:3   | 10758 ||| SWAPPING to +0 flail.
 10769 | Lair:3   | Killed a four-headed hydra
 10770 | Lair:3   | 10770 ||| SWAPPING to +2 war axe.
 10844 | Lair:3   | 10844 ||| READING scroll of enchant weapon.
 10844 | Lair:3   | 10844 ||| ENCHANTING +2 war axe.
 11054 | Lair:3   | 11054 ||| Stepping ~*~*~tactically~*~*~ (stealth).
 11435 | Lair:3   | 11435 ||| Stepping ~*~*~tactically~*~*~ (stealth).
 11710 | Lair:3   | 11710 ||| Stepping ~*~*~tactically~*~*~ (stealth).
 11711 | Lair:3   | 11711 ||| Stepping ~*~*~tactically~*~*~ (stealth).
 11946 | Lair:3   | Found a staircase to the Shoals.
 12229 | Lair:3   | 12229 ||| READING scroll labelled BOX DUNICKETSAH.
 12387 | Lair:4   | 12387 ||| STAIRDANCE
 12397 | Lair:4   | 12397 ||| STAIRDANCE
 12579 | Lair:4   | Reached skill level 12 in Armour
 12588 | Lair:4   | Reached skill level 3 in Throwing
 12817 | Lair:4   | 12817 ||| Stepping ~*~*~tactically~*~*~ (stealth).
 12845 | Lair:4   | 12845 ||| Stepping ~*~*~tactically~*~*~ (stealth).
 12870 | Lair:4   | Reached skill level 9 in Shields
 12883 | Lair:4   | Reached XP level 13. HP: 71/122 MP: 8/12
 13381 | Lair:4   | Identified the +9 morningstar of the Stopping Rat {pain,
                  | Contam rC++ Str+4}
 13383 | Lair:4   | 13383 ||| DROPPING +0 flail.
 13652 | Lair:5   | Entered Level 5 of the Lair of Beasts
 13788 | Lair:5   | 13788 ||| SWAPPING to +0 broad axe.
 13789 | Lair:5   | 13789 ||| DROPPING +3 war axe.
 13811 | Lair:5   | Noticed Snorg
 13813 | Lair:5   | 13813 ||| SWAPPING to +9 morningstar of the Stopping Rat
                  | {pain, Contam rC++ Str+4}.
 13819 | Lair:5   | 13819 ||| Stepping ~*~*~tactically~*~*~ (outnumbered).
 13820 | Lair:5   | 13820 ||| Stepping ~*~*~tactically~*~*~ (outnumbered).
 13821 | Lair:5   | 13821 ||| Stepping ~*~*~tactically~*~*~ (outnumbered).
 13822 | Lair:5   | 13822 ||| SWAPPING to +0 broad axe.
 13836 | Lair:5   | Killed Snorg
 14130 | Lair:5   | 14130 ||| Stepping ~*~*~tactically~*~*~ (stealth).
 14269 | Lair:5   | Found a staircase to the Slime Pits.
 14315 | Lair:5   | Reached skill level 18 in Axes
 14546 | Lair:5   | 14546 ||| SWAPPING to +9 morningstar of the Stopping Rat
                  | {pain, Contam rC++ Str+4}.
 14556 | Lair:5   | 14556 ||| SWAPPING to +0 broad axe.
 14570 | Lair:5   | Gained mutation: You are weak. (Str -2) [mutagenic glow]
 14712 | Lair:5   | 14712 ||| Stepping ~*~*~tactically~*~*~ (stealth).
 14782 | Lair:5   | Reached skill level 19 in Axes
 14989 | Lair:5   | 14989 ||| INVOKING Reject Sacrifices.
 15049 | Lair:5   | 15049 ||| Stepping ~*~*~tactically~*~*~ (stealth).
 15053 | Lair:5   | 15053 ||| Stepping ~*~*~tactically~*~*~ (stealth).
 15055 | Lair:5   | 15055 ||| Stepping ~*~*~tactically~*~*~ (hiding).
 15076 | Lair:5   | 15076 ||| FLEEEEING.
 15096 | Lair:5   | 15096 ||| FLEEEEING.
 15097 | Lair:5   | 15097 ||| FLEEEEING.
 15098 | Lair:5   | 15098 ||| FLEEEEING.
 15099 | Lair:5   | 15099 ||| FLEEEEING.
 15100 | Lair:5   | 15100 ||| FLEEEEING.
 15101 | Lair:5   | 15101 ||| FLEEEEING.
 15102 | Lair:5   | 15102 ||| FLEEEEING.
 15103 | Lair:5   | 15103 ||| FLEEEEING.
 15104 | Lair:5   | 15104 ||| FLEEEEING.
 15105 | Lair:5   | 15105 ||| FLEEEEING.
 15106 | Lair:5   | 15106 ||| FLEEEEING.
 15107 | Lair:5   | 15107 ||| FLEEEEING.
 15108 | Lair:5   | 15108 ||| FLEEEEING.
 15109 | Lair:5   | 15109 ||| FLEEEEING.
 15111 | Lair:5   | 15111 ||| FLEEEEING.
 15112 | Lair:5   | 15112 ||| FLEEEEING.
 15113 | Lair:5   | 15113 ||| FLEEEEING.
 15114 | Lair:5   | 15114 ||| FLEEEEING.
 15115 | Lair:5   | 15115 ||| FLEEEEING.
 15116 | Lair:5   | 15116 ||| FLEEEEING.
 15120 | Lair:5   | 15120 ||| FLEEEEING.
 15121 | Lair:5   | 15121 ||| FLEEEEING.
 15123 | Lair:5   | 15123 ||| FLEEEEING.
 15124 | Lair:5   | 15124 ||| FLEEEEING.
 15125 | Lair:5   | 15125 ||| FLEEEEING.
 15126 | Lair:5   | 15126 ||| FLEEEEING.
 15127 | Lair:5   | 15127 ||| FLEEEEING.
 15128 | Lair:5   | 15128 ||| FLEEEEING.
 15129 | Lair:5   | 15129 ||| FLEEEEING.
 15130 | Lair:5   | 15130 ||| FLEEEEING.
 15131 | Lair:5   | 15131 ||| FLEEEEING.
 15132 | Lair:5   | 15132 ||| FLEEEEING.
 15133 | Lair:5   | 15133 ||| FLEEEEING.
 15134 | Lair:5   | 15134 ||| FLEEEEING.
 15135 | Lair:5   | 15135 ||| FLEEEEING.
 15136 | Lair:5   | 15136 ||| FLEEEEING.
 15137 | Lair:5   | 15137 ||| FLEEEEING.
 15138 | Lair:5   | 15138 ||| FLEEEEING.
 15139 | Lair:5   | 15139 ||| FLEEEEING.
 15449 | Lair:5   | 15449 ||| Stepping ~*~*~tactically~*~*~ (stealth).
 15488 | Lair:5   | 15488 ||| Stepping ~*~*~tactically~*~*~ (stealth).
 15514 | Lair:5   | 15514 ||| SWAPPING to +9 morningstar of the Stopping Rat
                  | {pain, Contam rC++ Str+4}.
 15516 | Lair:5   | 15516 ||| Stepping ~*~*~tactically~*~*~ (outnumbered).
 15517 | Lair:5   | 15517 ||| Stepping ~*~*~tactically~*~*~ (outnumbered).
 15518 | Lair:5   | 15518 ||| Stepping ~*~*~tactically~*~*~ (outnumbered).
 15519 | Lair:5   | 15519 ||| Stepping ~*~*~tactically~*~*~ (outnumbered).
 15520 | Lair:5   | 15520 ||| Stepping ~*~*~tactically~*~*~ (outnumbered).
 15521 | Lair:5   | 15521 ||| Stepping ~*~*~tactically~*~*~ (outnumbered).
 15523 | Lair:5   | 15523 ||| Stepping ~*~*~tactically~*~*~ (outnumbered).
 15525 | Lair:5   | 15525 ||| Stepping ~*~*~tactically~*~*~ (outnumbered).
 15527 | Lair:5   | 15527 ||| Stepping ~*~*~tactically~*~*~ (outnumbered).
 15529 | Lair:5   | 15529 ||| Stepping ~*~*~tactically~*~*~ (outnumbered).
 15530 | Lair:5   | 15530 ||| SWAPPING to +0 broad axe.
 15531 | Lair:5   | Gained mutation: You occasionally lose the ability to drink
                  | potions when taking damage. [mutagenic glow]
 15532 | Lair:5   | 15532 ||| SWAPPING to +9 morningstar of the Stopping Rat
                  | {pain, Contam rC++ Str+4}.
 15535 | Lair:5   | 15535 ||| SWAPPING to +0 broad axe.
 15539 | Lair:5   | 15539 ||| Stepping ~*~*~tactically~*~*~ (stealth).
 15544 | Lair:5   | 15544 ||| FLEEEEING.
 15545 | Lair:5   | 15545 ||| FLEEEEING.
 15546 | Lair:5   | 15546 ||| FLEEEEING.
 15547 | Lair:5   | Gained mutation: Your magical capacity is low. (-10% MP)
                  | [mutagenic glow]
 15548 | Lair:5   | 15548 ||| FLEEEEING.
 15549 | Lair:5   | 15549 ||| FLEEEEING.
 15550 | Lair:5   | 15550 ||| FLEEEEING.
 15564 | Lair:5   | Gained mutation: You are frail. (-10% HP) [mutagenic glow]
 15657 | Lair:5   | 15657 ||| DRINKING 9 potions of mutation.
 15657 | Lair:5   | Lost mutation: You are weak. (Str -2) [potion of mutation]
 15657 | Lair:5   | Lost mutation: You occasionally lose the ability to drink
                  | potions when taking damage. [potion of mutation]
 15657 | Lair:5   | Lost mutation: You are frail. (-10% HP) [potion of
                  | mutation]
 15657 | Lair:5   | Lost mutation: Your spells are a little harder to cast, but
                  | a little more powerful. [potion of mutation]
 15802 | Lair:5   | Reached skill level 6 in Dodging
 15848 | Lair:5   | 15848 ||| FLEEEEING.
 15849 | Lair:5   | 15849 ||| FLEEEEING.
 15850 | Lair:5   | 15850 ||| FLEEEEING.
 15851 | Lair:5   | 15851 ||| FLEEEEING.
 15852 | Lair:5   | 15852 ||| FLEEEEING.
 15853 | Lair:5   | 15853 ||| FLEEEEING.
 15854 | Lair:5   | 15854 ||| FLEEEEING.
 15858 | Lair:5   | 15858 ||| FLEEEEING.
 15859 | Lair:5   | 15859 ||| FLEEEEING.
 15861 | Lair:5   | 15861 ||| FLEEEEING.
 15862 | Lair:5   | 15862 ||| FLEEEEING.
 15864 | Lair:5   | 15864 ||| FLEEEEING.
 15865 | Lair:5   | 15865 ||| FLEEEEING.
 15866 | Lair:5   | 15866 ||| FLEEEEING.
 15869 | Lair:5   | 15869 ||| FLEEEEING.
 15882 | Lair:5   | 15882 ||| FLEEEEING.
 15899 | Lair:5   | 15899 ||| FLEEEEING.
 15900 | Lair:5   | 15900 ||| FLEEEEING.
 15901 | Lair:5   | 15901 ||| FLEEEEING.
 15902 | Lair:5   | 15902 ||| FLEEEEING.
 15903 | Lair:5   | 15903 ||| FLEEEEING.
 15985 | Lair:5   | 15985 ||| FLEEEEING.
 15986 | Lair:5   | 15986 ||| FLEEEEING.
 15987 | Lair:5   | 15987 ||| FLEEEEING.
 15988 | Lair:5   | 15988 ||| FLEEEEING.
 15989 | Lair:5   | 15989 ||| FLEEEEING.
 15990 | Lair:5   | 15990 ||| FLEEEEING.
 16004 | Lair:5   | 16004 ||| FLEEEEING.
 16005 | Lair:5   | 16005 ||| FLEEEEING.
 16006 | Lair:5   | 16006 ||| FLEEEEING.
 16007 | Lair:5   | 16007 ||| FLEEEEING.
 16017 | Lair:5   | 16017 ||| STAIRDANCE
 16128 | Lair:4   | 16128 ||| READING 6 scrolls of identify.
 16128 | Lair:4   | 16128 ||| IDENTIFYING metallic red potion
 16129 | Lair:4   | 16129 ||| DROPPING potion of invisibility.
 16318 | Lair:5   | Identified the +1 robe of Existentialism {Dex+4}
 16600 | Lair:5   | Found a corrupted altar of Lugonu.
 16600 | Lair:5   | Found a one-way gate to the infinite horrors of the Abyss.
 16608 | Lair:5   | 16608 ||| READING 4 scrolls of teleportation.
 16609 | Lair:5   | 16609 ||| PLANNING D:1-11
 16798 | D:9      | 16798 ||| Stepping ~*~*~tactically~*~*~ (hiding).
 16845 | D:9      | Found a runed translucent door.
 16953 | D:9      | 16953 ||| Stepping ~*~*~tactically~*~*~ (stealth).
 17039 | D:9      | 17039 ||| Stepping ~*~*~tactically~*~*~ (stealth).
 17040 | D:9      | 17040 ||| Stepping ~*~*~tactically~*~*~ (stealth).
 17045 | D:9      | Reached XP level 14. HP: 133/133 MP: 11/11
 17309 | D:9      | 17309 ||| Stepping ~*~*~tactically~*~*~ (hiding).
 17317 | D:9      | 17317 ||| Stepping ~*~*~tactically~*~*~ (cloud).
 17318 | D:9      | 17318 ||| Stepping ~*~*~tactically~*~*~ (cloud).
 17554 | D:9      | Reached skill level 15 in Fighting
 17589 | D:9      | 17589 ||| Stepping ~*~*~tactically~*~*~ (stealth).
 17630 | D:9      | 17630 ||| FLEEEEING.
 17798 | D:9      | 17798 ||| READING scroll labelled TET HUAFEHYATTI.
 17835 | D:10     | Entered Level 10 of the Dungeon
 17836 | D:10     | Found a white marble altar of Elyvilon.
 17884 | D:10     | Found a glowing silver altar of Zin.
 17908 | D:10     | 17908 ||| Stepping ~*~*~tactically~*~*~ (hiding).
 17909 | D:10     | 17909 ||| Stepping ~*~*~tactically~*~*~ (hiding).
 17917 | D:10     | 17917 ||| Stepping ~*~*~tactically~*~*~ (stealth).
 17966 | D:10     | Found a runed translucent gate.
 17966 | D:10     | Found a runed translucent gate.
 17966 | D:10     | Found a runed translucent gate.
 18021 | D:10     | 18021 ||| Stepping ~*~*~tactically~*~*~ (stealth).
 18026 | D:10     | 18026 ||| Stepping ~*~*~tactically~*~*~ (stealth).
 18052 | D:10     | 18052 ||| Stepping ~*~*~tactically~*~*~ (stealth).
 18058 | D:10     | 18058 ||| Stepping ~*~*~tactically~*~*~ (hiding).
 18157 | D:10     | 18157 ||| Stepping ~*~*~tactically~*~*~ (stealth).
 18159 | D:10     | 18159 ||| Stepping ~*~*~tactically~*~*~ (hiding).
 18261 | D:10     | 18261 ||| FLEEEEING.
 18268 | D:10     | 18268 ||| FLEEEEING.
 18269 | D:10     | 18269 ||| FLEEEEING.
 18270 | D:10     | 18270 ||| FLEEEEING.
 18271 | D:10     | 18271 ||| FLEEEEING.
 18272 | D:10     | 18272 ||| FLEEEEING.
 18273 | D:10     | 18273 ||| FLEEEEING.
 18274 | D:10     | 18274 ||| FLEEEEING.
 18276 | D:10     | 18276 ||| FLEEEEING.
 18277 | D:10     | 18277 ||| FLEEEEING.
 18278 | D:10     | 18278 ||| FLEEEEING.
 18279 | D:10     | 18279 ||| FLEEEEING.
 18280 | D:10     | 18280 ||| FLEEEEING.
 18281 | D:10     | 18281 ||| FLEEEEING.
 18282 | D:10     | 18282 ||| FLEEEEING.
 18283 | D:10     | 18283 ||| FLEEEEING.
 18284 | D:10     | 18284 ||| FLEEEEING.
 18355 | D:10     | 18355 ||| Stepping ~*~*~tactically~*~*~ (stealth).
 18356 | D:10     | 18356 ||| Stepping ~*~*~tactically~*~*~ (stealth).
 18412 | D:10     | 18412 ||| Stepping ~*~*~tactically~*~*~ (stealth).
 18459 | D:10     | 18459 ||| Stepping ~*~*~tactically~*~*~ (hiding).
 18596 | D:10     | 18596 ||| Stepping ~*~*~tactically~*~*~ (hiding).
 18647 | D:10     | 18647 ||| Stepping ~*~*~tactically~*~*~ (stealth).
 18650 | D:10     | 18650 ||| Stepping ~*~*~tactically~*~*~ (stealth).
 18659 | D:10     | 18659 ||| Stepping ~*~*~tactically~*~*~ (hiding).
 18708 | D:10     | 18708 ||| Stepping ~*~*~tactically~*~*~ (hiding).
 18804 | D:10     | Identified the +1 pair of gloves of an ossuary {rC- rN++
                  | Str+4}
 19132 | D:10     | 19132 ||| Stepping ~*~*~tactically~*~*~ (stealth).
 19405 | D:10     | 19405 ||| UPGRADING to +0 cloak.
 19410 | D:10     | 19410 ||| UPGRADING to +1 pair of gloves of an ossuary {rC-
                  | rN++ Str+4}.
 19420 | D:10     | 19420 ||| DROPPING ring of willpower.
 19421 | D:10     | 19421 ||| DROPPING ring of resist corrosion.
 19422 | D:10     | 19422 ||| DROPPING ring of protection from cold.
 19423 | D:10     | 19423 ||| READING 6 scrolls of identify.
 19423 | D:10     | 19423 ||| IDENTIFYING glowing amethyst potion
 19424 | D:10     | 19424 ||| DROPPING potion of brilliance.
 19450 | D:11     | 19450 ||| SWAPPING to +9 morningstar of the Stopping Rat
                  | {pain, Contam rC++ Str+4}.
 19455 | D:11     | 19455 ||| SWAPPING to +0 broad axe.
 19461 | D:11     | 19461 ||| Stepping ~*~*~tactically~*~*~ (hiding).
 19462 | D:11     | 19462 ||| Stepping ~*~*~tactically~*~*~ (hiding).
 19535 | D:11     | 19535 ||| Stepping ~*~*~tactically~*~*~ (stealth).
 19542 | D:11     | 19542 ||| Stepping ~*~*~tactically~*~*~ (stealth).
 19543 | D:11     | 19543 ||| Stepping ~*~*~tactically~*~*~ (stealth).
 19544 | D:11     | 19544 ||| Stepping ~*~*~tactically~*~*~ (stealth).
 19546 | D:11     | 19546 ||| Stepping ~*~*~tactically~*~*~ (stealth).
 19547 | D:11     | 19547 ||| Stepping ~*~*~tactically~*~*~ (stealth).
 19635 | D:11     | 19635 ||| Stepping ~*~*~tactically~*~*~ (hiding).
 19636 | D:11     | 19636 ||| Stepping ~*~*~tactically~*~*~ (hiding).
 19870 | D:11     | 19870 ||| Stepping ~*~*~tactically~*~*~ (hiding).
 19870 | D:11     | Found a staircase to the Orcish Mines.
 20000 | D:11     | 20000 ||| Stepping ~*~*~tactically~*~*~ (hiding).
 20137 | D:11     | 20137 ||| READING 4 scrolls of teleportation.
 20253 | D:11     | 20253 ||| READING 3 scrolls of teleportation.
 20279 | D:11     | 20279 ||| READING 2 scrolls of teleportation.
 20327 | D:11     | 20327 ||| READING scroll of teleportation.
 20447 | D:11     | 20447 ||| Stepping randomly (stuck).
 20451 | D:11     | 20451 ||| Stepping randomly (stuck).
 20453 | D:11     | 20453 ||| Stepping randomly (stuck).
 20454 | D:11     | 20454 ||| Stepping randomly (stuck).
 20455 | D:11     | 20455 ||| Stepping randomly (stuck).
 20456 | D:11     | 20456 ||| Stepping randomly (stuck).
 20457 | D:11     | 20457 ||| Stepping randomly (stuck).
 20458 | D:11     | 20458 ||| Stepping randomly (stuck).
 20459 | D:11     | 20459 ||| Stepping randomly (stuck).
 20461 | D:11     | 20461 ||| Stepping randomly (stuck).
 20462 | D:11     | 20462 ||| Stepping randomly (stuck).
 20463 | D:11     | 20463 ||| Stepping randomly (stuck).
 20464 | D:11     | 20464 ||| Stepping randomly (stuck).
 20465 | D:11     | 20465 ||| Stepping randomly (stuck).
 20466 | D:11     | 20466 ||| Stepping randomly (stuck).
 20467 | D:11     | 20467 ||| Stepping randomly (stuck).
 20469 | D:11     | 20469 ||| Stepping randomly (stuck).
 20470 | D:11     | 20470 ||| Stepping randomly (stuck).
 20471 | D:11     | 20471 ||| Stepping randomly (stuck).
 20472 | D:11     | 20472 ||| Stepping randomly (stuck).
 20473 | D:11     | 20473 ||| Stepping randomly (stuck).
 20474 | D:11     | 20474 ||| Stepping randomly (stuck).
 20475 | D:11     | 20475 ||| Stepping randomly (stuck).
 20476 | D:11     | 20476 ||| Stepping randomly (stuck).
 20477 | D:11     | 20477 ||| Stepping randomly (stuck).
 20478 | D:11     | 20478 ||| Stepping randomly (stuck).
 20479 | D:11     | 20479 ||| Stepping randomly (stuck).
 20480 | D:11     | 20480 ||| Stepping randomly (stuck).
 20481 | D:11     | 20481 ||| Stepping randomly (stuck).
 20482 | D:11     | 20482 ||| Stepping randomly (stuck).
 20490 | D:11     | 20490 ||| Stepping randomly (stuck).
 20491 | D:11     | 20491 ||| Stepping randomly (stuck).
 20492 | D:11     | 20492 ||| Stepping randomly (stuck).
 20493 | D:11     | 20493 ||| Stepping randomly (stuck).
 20494 | D:11     | 20494 ||| Stepping randomly (stuck).
 20495 | D:11     | 20495 ||| Stepping randomly (stuck).
 20496 | D:11     | 20496 ||| Stepping randomly (stuck).
 20497 | D:11     | 20497 ||| Stepping randomly (stuck).
 20498 | D:11     | 20498 ||| Stepping randomly (stuck).
 20499 | D:11     | 20499 ||| Stepping randomly (stuck).
 20500 | D:11     | 20500 ||| Stepping randomly (stuck).
 20501 | D:11     | 20501 ||| Stepping randomly (stuck).
 20502 | D:11     | 20502 ||| Stepping randomly (stuck).
 20504 | D:11     | 20504 ||| Stepping randomly (stuck).
 20517 | D:11     | 20517 ||| Stepping randomly (stuck).
 20518 | D:11     | 20518 ||| Stepping randomly (stuck).
 20519 | D:11     | 20519 ||| Stepping randomly (stuck).
 20520 | D:11     | 20520 ||| Stepping randomly (stuck).
 20521 | D:11     | 20521 ||| Stepping randomly (stuck).
 20531 | D:11     | 20531 ||| Stepping randomly (stuck).
 20532 | D:11     | 20532 ||| Stepping randomly (stuck).
 20533 | D:11     | 20533 ||| Stepping randomly (stuck).
 20535 | D:11     | 20535 ||| Stepping randomly (stuck).
 20536 | D:11     | 20536 ||| Stepping randomly (stuck).
 20537 | D:11     | 20537 ||| Stepping randomly (stuck).
 20538 | D:11     | 20538 ||| Stepping randomly (stuck).
 20539 | D:11     | 20539 ||| Stepping randomly (stuck).
 20540 | D:11     | 20540 ||| Stepping randomly (stuck).
 20541 | D:11     | 20541 ||| Stepping randomly (stuck).
 20542 | D:11     | 20542 ||| Stepping randomly (stuck).
 20543 | D:11     | 20543 ||| Stepping randomly (stuck).
 20544 | D:11     | 20544 ||| Stepping randomly (stuck).
 20545 | D:11     | 20545 ||| Stepping randomly (stuck).
 20546 | D:11     | 20546 ||| Stepping randomly (stuck).
 20547 | D:11     | 20547 ||| Stepping randomly (stuck).
 20548 | D:11     | 20548 ||| Stepping randomly (stuck).
 20550 | D:11     | 20550 ||| Stepping randomly (stuck).
 20551 | D:11     | 20551 ||| Stepping randomly (stuck).
 20552 | D:11     | 20552 ||| Stepping randomly (stuck).
 20553 | D:11     | 20553 ||| Stepping randomly (stuck).
 20554 | D:11     | 20554 ||| Stepping randomly (stuck).
 20556 | D:11     | 20556 ||| Stepping randomly (stuck).
 20558 | D:11     | 20558 ||| Stepping randomly (stuck).
 20559 | D:11     | 20559 ||| Stepping ~*~*~tactically~*~*~ (hiding).
 20580 | D:11     | 20580 ||| Stepping randomly (stuck).
 20581 | D:11     | 20581 ||| Stepping randomly (stuck).
 20583 | D:11     | 20583 ||| Stepping randomly (stuck).
 20585 | D:11     | 20585 ||| Stepping randomly (stuck).
 20586 | D:11     | 20586 ||| Stepping randomly (stuck).
 20587 | D:11     | 20587 ||| Stepping randomly (stuck).
 20588 | D:11     | 20588 ||| Stepping randomly (stuck).
 20589 | D:11     | 20589 ||| Stepping randomly (stuck).
 20590 | D:11     | 20590 ||| Stepping randomly (stuck).
 20627 | D:11     | 20627 ||| Stepping randomly (stuck).
 20628 | D:11     | 20628 ||| PLANNING D
 20659 | D:12     | 20659 ||| STAIRDANCE
 20789 | D:12     | 20789 ||| Stepping ~*~*~tactically~*~*~ (stealth).
 20791 | D:12     | 20791 ||| Stepping ~*~*~tactically~*~*~ (stealth).
 20800 | D:12     | 20800 ||| Stepping ~*~*~tactically~*~*~ (stealth).
 20866 | D:12     | 20866 ||| Stepping ~*~*~tactically~*~*~ (stealth).
 20867 | D:12     | 20867 ||| Stepping ~*~*~tactically~*~*~ (stealth).
 20868 | D:12     | 20868 ||| Stepping ~*~*~tactically~*~*~ (stealth).
 21195 | D:12     | Reached skill level 15 in Armour
 21377 | D:12     | Paralysed by a floating eye for 4 turns
 21391 | D:12     | 21391 ||| Stepping ~*~*~tactically~*~*~ (hiding).
 21492 | D:12     | 21492 ||| UPGRADING to +1 pair of boots.
 21502 | D:12     | 21502 ||| DROPPING +0 pair of boots.
 21503 | D:12     | 21503 ||| READING 2 scrolls labelled KYUXI ZOAHESAD.
 21503 | D:12     | Identified 2 scrolls of acquirement
 21503 | D:12     | 21503 ||| ACQUIRING amulet of Fouplore {Reflect +Blink
                  | Str+2 SH+5}
 21503 | D:12     | Acquired the amulet of Fouplore {Reflect +Blink Str+2 SH+5}
 21505 | D:12     | 21505 ||| UPGRADING to amulet of Fouplore {Reflect +Blink
                  | Str+2 SH+5}.
 21515 | D:12     | 21515 ||| READING scroll of acquirement.
 21515 | D:12     | 21515 ||| ACQUIRING 877 gold pieces
 21515 | D:12     | Acquired 877 gold pieces
 21517 | D:12     | 21517 ||| DROPPING amulet of guardian spirit.
 21518 | D:12     | 21518 ||| READING 6 scrolls of identify.
 21518 | D:12     | 21518 ||| IDENTIFYING fuming cyan potion
 21519 | D:12     | 21519 ||| DROPPING potion of degeneration.
 21603 | D:13     | 21603 ||| FLEEEEING.
 21604 | D:13     | 21604 ||| FLEEEEING.
 21609 | D:13     | 21609 ||| STAIRDANCE
 21660 | D:12     | 21660 ||| INVOKING Reject Sacrifices.
 21792 | D:13     | Found a sacrificial altar of Ru.
 21910 | D:13     | Noticed Rupert
 21923 | D:13     | Killed Rupert
 22036 | D:13     | 22036 ||| Stepping ~*~*~tactically~*~*~ (hiding).
 22183 | D:13     | Noticed an ironbound preserver
 22186 | D:13     | 22186 ||| Stepping ~*~*~tactically~*~*~ (hiding).
 22195 | D:13     | Killed an ironbound preserver
 22196 | D:13     | Reached XP level 15. HP: 133/147 MP: 12/12
 22302 | D:13     | Found a gate to the Vaults.
 22328 | D:13     | 22328 ||| READING scroll of acquirement.
 22328 | D:13     | 22328 ||| ACQUIRING +1 tower shield of poison resistance
 22328 | D:13     | Acquired a +1 tower shield of poison resistance
 22330 | D:13     | 22330 ||| UPGRADING to +0 kite shield.
 22340 | D:13     | 22340 ||| DROPPING +0 buckler.
 22341 | D:13     | 22341 ||| UPGRADING to +1 tower shield of poison
                  | resistance.
 22351 | D:13     | 22351 ||| DROPPING +0 kite shield.
 22356 | D:13     | 22356 ||| Stepping ~*~*~tactically~*~*~ (stealth).
 22468 | D:13     | Identified the +0 plate armour of Perar {rC++}
 22470 | D:13     | 22470 ||| UPGRADING to +0 plate armour of Perar {rC++}.
 22497 | D:13     | 22497 ||| Stepping ~*~*~tactically~*~*~ (stealth).
 22785 | D:14     | 22785 ||| Stepping ~*~*~tactically~*~*~ (hiding).
 22786 | D:14     | 22786 ||| Stepping ~*~*~tactically~*~*~ (hiding).
 22916 | D:14     | 22916 ||| Stepping ~*~*~tactically~*~*~ (hiding).
 22937 | D:14     | 22937 ||| SWAPPING to +9 morningstar of the Stopping Rat
                  | {pain, Contam rC++ Str+4}.
 22942 | D:14     | 22942 ||| SWAPPING to +0 broad axe.
 22974 | D:14     | 22974 ||| Stepping ~*~*~tactically~*~*~ (stealth).
 23017 | D:14     | 23017 ||| FLEEEEING.
 23211 | D:14     | 23211 ||| Stepping ~*~*~tactically~*~*~ (stealth).
 23212 | D:14     | 23212 ||| Stepping ~*~*~tactically~*~*~ (stealth).
 23214 | D:14     | 23214 ||| Stepping ~*~*~tactically~*~*~ (stealth).
 23215 | D:14     | 23215 ||| Stepping ~*~*~tactically~*~*~ (stealth).
 23232 | D:14     | Reached skill level 12 in Shields
 23487 | D:14     | 23487 ||| Stepping ~*~*~tactically~*~*~ (hiding).
 24071 | D:15     | Entered Level 15 of the Dungeon
 24101 | D:15     | 24101 ||| FLEEEEING.
 24102 | D:15     | 24102 ||| FLEEEEING.
 24103 | D:15     | 24103 ||| FLEEEEING.
 24116 | D:15     | 24116 ||| Stepping ~*~*~tactically~*~*~ (hiding).
 24117 | D:15     | 24117 ||| Stepping ~*~*~tactically~*~*~ (hiding).
 24119 | D:15     | 24119 ||| Stepping ~*~*~tactically~*~*~ (hiding).
 24358 | D:15     | 24358 ||| FLEEEEING.
 24359 | D:15     | 24359 ||| FLEEEEING.
 24360 | D:15     | 24360 ||| FLEEEEING.
 24361 | D:15     | 24361 ||| FLEEEEING.
 24362 | D:15     | 24362 ||| FLEEEEING.
 24363 | D:15     | 24363 ||| FLEEEEING.
 24364 | D:15     | 24364 ||| Stepping ~*~*~tactically~*~*~ (hiding).
 24366 | D:15     | 24366 ||| FLEEEEING.
 24367 | D:15     | 24367 ||| FLEEEEING.
 24369 | D:15     | 24369 ||| FLEEEEING.
 24370 | D:15     | 24370 ||| FLEEEEING.
 24371 | D:15     | 24371 ||| FLEEEEING.
 24372 | D:15     | 24372 ||| FLEEEEING.
 24374 | D:15     | 24374 ||| FLEEEEING.
 24375 | D:15     | 24375 ||| FLEEEEING.
 24376 | D:15     | 24376 ||| FLEEEEING.
 24377 | D:15     | 24377 ||| FLEEEEING.
 24378 | D:15     | 24378 ||| FLEEEEING.
 24379 | D:15     | 24379 ||| FLEEEEING.
 24380 | D:15     | 24380 ||| STAIRDANCE
 24390 | D:15     | 24390 ||| STAIRDANCE
 24465 | D:15     | 24465 ||| STAIRDANCE
 24621 | D:15     | 24621 ||| STAIRDANCE
 24703 | D:15     | 24703 ||| STAIRDANCE
 24843 | D:15     | Found a staircase to the Depths.
 25223 | D:15     | Found Bevoy's Jewellery Shoppe.
 25231 | D:15     | 25231 ||| BUYING +4 ring of protection (504 gold).
 25231 | D:15     | Bought a +4 ring of protection for 504 gold pieces
 25231 | D:15     | 25231 ||| BUYING ring "Uxahiom" {AC+4 Str+3 Int+5} (837
                  | gold).
 25231 | D:15     | Bought the ring "Uxahiom" {AC+4 Str+3 Int+5} for 837 gold
                  | pieces
 25231 | D:15     | 25231 ||| BUYING ring "Zonn" {rF- rC+ rN++ SInv} (455
                  | gold).
 25231 | D:15     | Bought the ring "Zonn" {rF- rC+ rN++ SInv} for 455 gold
                  | pieces
 25231 | D:15     | 25231 ||| BUYING ring of poison resistance (280 gold).
 25231 | D:15     | Bought a ring of poison resistance for 280 gold pieces
 25456 | D:15     | 25456 ||| PLANNING ORC
 25456 | D:15     | 25456 ||| DROPPING +4 ring of protection.
 25457 | D:15     | 25457 ||| UPGRADING to ring "Uxahiom" {AC+4 Str+3 Int+5}.
 25459 | D:15     | 25459 ||| DROPPING +6 ring of strength.
 25536 | Orc:1    | Entered Level 1 of the Orcish Mines
 25569 | Orc:1    | Found Refomo's Assorted Antiques.
 25582 | Orc:1    | 25582 ||| BUYING runed war axe (169 gold).
 25582 | Orc:1    | Bought a runed war axe for 169 gold pieces
 25582 | Orc:1    | 25582 ||| SHOPLISTING scroll of enchant weapon (195 gold,
                  | have 31).
 25582 | Orc:1    | 25582 ||| SHOPLISTING scroll of identify (52 gold, have
                  | 31).
 25582 | Orc:1    | 25582 ||| DROPPING +2 war axe of freezing.
 25865 | Orc:2    | Entered Level 2 of the Orcish Mines
 25966 | Orc:2    | 25966 ||| FLEEEEING.
 25967 | Orc:2    | 25967 ||| FLEEEEING.
 25971 | Orc:2    | 25971 ||| FLEEEEING.
 25972 | Orc:2    | 25972 ||| FLEEEEING.
 25973 | Orc:2    | 25973 ||| FLEEEEING.
 25974 | Orc:2    | 25974 ||| STAIRDANCE
 25988 | Orc:2    | 25988 ||| STAIRDANCE
 25994 | Orc:2    | 25994 ||| STAIRDANCE
 25999 | Orc:2    | 25999 ||| STAIRDANCE
 26031 | Orc:2    | 26031 ||| STAIRDANCE
 26083 | Orc:2    | 26083 ||| STAIRDANCE
 26089 | Orc:2    | 26089 ||| STAIRDANCE
 26170 | Orc:2    | HP: 31/147 [orc wizard/magic dart (6)]
 26171 | Orc:2    | 26171 ||| READING 2 scrolls of teleportation.
 26172 | Orc:2    | 26172 ||| INVOKING Draw Out Power.
 26440 | Orc:2    | 26440 ||| Stepping ~*~*~tactically~*~*~ (hiding).
 26588 | Orc:2    | 26588 ||| Stepping ~*~*~tactically~*~*~ (hiding).
 26669 | Orc:2    | 26669 ||| Stepping ~*~*~tactically~*~*~ (hiding).
 26670 | Orc:2    | 26670 ||| Stepping ~*~*~tactically~*~*~ (hiding).
 26752 | Orc:2    | 26752 ||| Stepping ~*~*~tactically~*~*~ (stealth).
 26798 | Orc:2    | Found a staircase to the Elven Halls.
 26865 | Orc:2    | 26865 ||| Stepping ~*~*~tactically~*~*~ (stealth).
 26881 | Orc:2    | 26881 ||| Stepping ~*~*~tactically~*~*~ (hiding).
 26882 | Orc:2    | 26882 ||| Stepping ~*~*~tactically~*~*~ (hiding).
 26886 | Orc:2    | 26886 ||| Stepping ~*~*~tactically~*~*~ (hiding).
 26900 | Orc:2    | 26900 ||| Stepping ~*~*~tactically~*~*~ (stealth).
 27025 | Orc:2    | 27025 ||| Stepping ~*~*~tactically~*~*~ (stealth).
 27027 | Orc:2    | 27027 ||| Stepping ~*~*~tactically~*~*~ (hiding).
 27105 | Orc:2    | 27105 ||| Stepping ~*~*~tactically~*~*~ (stealth).
 27114 | Orc:2    | Reached skill level 15 in Shields
 27114 | Orc:2    | 27114 ||| FLEEEEING.
 27159 | Orc:2    | Found Foko's Weapon Boutique.
 27159 | Orc:2    | Found Vip Vana's Jewellery Boutique.
 27160 | Orc:2    | Found Vogotocy's Weapon Shop.
 27164 | Orc:2    | Found Xobem's Assorted Antiques.
 27167 | Orc:2    | 27167 ||| BUYING +1 hand axe of flaming (186 gold).
 27167 | Orc:2    | Bought a +1 hand axe of flaming for 186 gold pieces
 27167 | Orc:2    | 27167 ||| DROPPING +9 morningstar of the Stopping Rat
                  | {pain, Contam rC++ Str+4}.
 27169 | Orc:2    | 27169 ||| BUYING ring of fire (250 gold).
 27169 | Orc:2    | Bought a ring of fire for 250 gold pieces
 27169 | Orc:2    | 27169 ||| SHOPLISTING ring of the Lobster {Fire Contam
                  | *Corrode Str+4 Int+6 SInv} (460 gold, have 123).
 27171 | Orc:2    | 27171 ||| SHOPLISTING brightly glowing golden ring (140
                  | gold, have 123).
 27171 | Orc:2    | 27171 ||| SHOPLISTING glowing broad axe (196 gold, have
                  | 123).
 27171 | Orc:2    | 27171 ||| BUYING scroll labelled KYQUSH NIXOCI (28 gold).
 27171 | Orc:2    | Bought a scroll labelled KYQUSH NIXOCI for 28 gold pieces
 27171 | Orc:2    | 27171 ||| BUYING scroll of identify (56 gold).
 27171 | Orc:2    | Bought a scroll of identify for 56 gold pieces
 27186 | Orc:2    | 27186 ||| Stepping ~*~*~tactically~*~*~ (hiding).
 27187 | Orc:2    | 27187 ||| Stepping ~*~*~tactically~*~*~ (hiding).
 27233 | Orc:2    | 27233 ||| Stepping ~*~*~tactically~*~*~ (stealth).
 27235 | Orc:2    | 27235 ||| Stepping ~*~*~tactically~*~*~ (stealth).
 27238 | Orc:2    | 27238 ||| Stepping ~*~*~tactically~*~*~ (hiding).
 27239 | Orc:2    | 27239 ||| Stepping ~*~*~tactically~*~*~ (hiding).
 27532 | Orc:2    | 27532 ||| READING scroll labelled KYQUSH NIXOCI.
 27576 | Orc:1    | 27576 ||| Stepping ~*~*~tactically~*~*~ (hiding).
 27584 | Orc:1    | 27584 ||| Stepping ~*~*~tactically~*~*~ (hiding).
 27647 | Orc:1    | 27647 ||| PLANNING SHOALS:1-3
 27825 | Shoals:1 | Entered Level 1 of the Shoals
 27848 | Shoals:1 | 27848 ||| READING scroll of enchant armour.
 27848 | Shoals:1 | 27848 ||| ENCHANTING +1 pair of boots.
 27886 | Shoals:1 | 27886 ||| READING scroll of enchant weapon.
 27886 | Shoals:1 | 27886 ||| ENCHANTING +0 broad axe.
 28151 | Shoals:1 | Found Tomuzez's Armour Shoppe.
 28271 | Shoals:1 | 28271 ||| SHOPLISTING +10 plate armour of ponderousness
                  | (600 gold, have 188).
 28299 | Shoals:1 | 28299 ||| Stepping ~*~*~tactically~*~*~ (hiding).
 28300 | Shoals:1 | 28300 ||| Stepping ~*~*~tactically~*~*~ (hiding).
 28560 | Shoals:1 | 28560 ||| INVOKING Sacrifice Skill.
 28560 | Shoals:1 | Gained mutation: You are somewhat unskilled. (-1 Apt) [Ru
                  | sacrifice]
 28560 | Shoals:1 | Reduced skill Fighting to level 15
 28560 | Shoals:1 | Reduced skill Axes to level 17
 28560 | Shoals:1 | Reduced skill Throwing to level 3
 28560 | Shoals:1 | Reached ***** piety under Ru
 28561 | Shoals:1 | 28561 ||| INVOKING Apocalypse.
 28744 | Shoals:2 | 28744 ||| Stepping ~*~*~tactically~*~*~ (hiding).
 28788 | Shoals:2 | Reached XP level 16. HP: 36/134 MP: 13/13
 28790 | Shoals:2 | HP: 29/134 [merfolk/+0 trident (8)]
 28791 | Shoals:2 | 28791 ||| READING scroll of teleportation.
 28792 | Shoals:2 | 28792 ||| DRINKING 5 potions of heal wounds.
 28796 | Shoals:2 | 28796 ||| Stepping ~*~*~tactically~*~*~ (hiding).
 28803 | Shoals:2 | Reached skill level 15 in Shields
 28803 | Shoals:2 | 28803 ||| INVOKING Apocalypse.
 28808 | Shoals:2 | 28808 ||| FLEEEEING.
 28809 | Shoals:2 | 28809 ||| FLEEEEING.
 28816 | Shoals:2 | HP: 28/118 [drowned by a water nymph (12)]
 28817 | Shoals:2 | 28817 ||| DRINKING 4 potions of heal wounds.
 28823 | Shoals:2 | HP: 18/120 [water nymph/the raging water (26)]
 28824 | Shoals:2 | 28824 ||| DRINKING 3 potions of heal wounds.
 28827 | Shoals:2 | 28827 ||| Stepping ~*~*~tactically~*~*~ (water).
 28864 | Shoals:2 | 28864 ||| FLEEEEING.
 28866 | Shoals:2 | 28866 ||| STAIRDANCE
 29089 | Shoals:2 | 29089 ||| STAIRDANCE
 29654 | Shoals:2 | Reached skill level 18 in Axes
 29692 | Shoals:2 | 29692 ||| FLEEEEING.
 29696 | Shoals:2 | 29696 ||| Stepping ~*~*~tactically~*~*~ (water).
 29706 | Shoals:2 | 29706 ||| INVOKING Apocalypse.
 30360 | Shoals:3 | 30360 ||| READING scroll of teleportation.
 30361 | Shoals:3 | 30361 ||| FLEEEEING.
 30362 | Shoals:3 | 30362 ||| FLEEEEING.
 30363 | Shoals:3 | 30363 ||| FLEEEEING.
 30364 | Shoals:3 | 30364 ||| FLEEEEING.
 30370 | Shoals:3 | 30370 ||| Stepping ~*~*~tactically~*~*~ (water).
 30486 | Shoals:3 | Found Ydag's General Store.
 30490 | Shoals:3 | Found Guviupuh's Specific Store.
 30503 | Shoals:3 | 30503 ||| SHOPLISTING +2 plate armour of cold resistance
                  | (560 gold, have 364).
 30503 | Shoals:3 | 30503 ||| SHOPLISTING scroll of acquirement (728 gold, have
                  | 364).
 30520 | Shoals:3 | 30520 ||| Stepping ~*~*~tactically~*~*~ (hiding).
 30521 | Shoals:3 | 30521 ||| Stepping ~*~*~tactically~*~*~ (hiding).
 30523 | Shoals:3 | 30523 ||| Stepping ~*~*~tactically~*~*~ (hiding).
 30527 | Shoals:3 | 30527 ||| Stepping ~*~*~tactically~*~*~ (hiding).
 30543 | Shoals:3 | 30543 ||| Stepping ~*~*~tactically~*~*~ (stealth).
 30546 | Shoals:3 | 30546 ||| Stepping ~*~*~tactically~*~*~ (hiding).
 30547 | Shoals:3 | 30547 ||| Stepping ~*~*~tactically~*~*~ (hiding).
 30549 | Shoals:3 | 30549 ||| Stepping ~*~*~tactically~*~*~ (hiding).
 30550 | Shoals:3 | 30550 ||| Stepping ~*~*~tactically~*~*~ (hiding).
 30551 | Shoals:3 | 30551 ||| Stepping ~*~*~tactically~*~*~ (hiding).
 30552 | Shoals:3 | 30552 ||| Stepping ~*~*~tactically~*~*~ (hiding).
 30659 | Shoals:3 | 30659 ||| READING scroll of enchant armour.
 30659 | Shoals:3 | 30659 ||| ENCHANTING +0 cloak.
 30685 | Shoals:3 | 30685 ||| Stepping ~*~*~tactically~*~*~ (water).
 30702 | Shoals:3 | 30702 ||| INVOKING Apocalypse.
 30761 | Shoals:3 | 30761 ||| FLEEEEING.
 30762 | Shoals:3 | 30762 ||| FLEEEEING.
 30898 | Shoals:3 | 30898 ||| Stepping ~*~*~tactically~*~*~ (hiding).
 31284 | Shoals:3 | 31284 ||| Stepping ~*~*~tactically~*~*~ (hiding).
 31287 | Shoals:3 | 31287 ||| Stepping ~*~*~tactically~*~*~ (water).
 31419 | Shoals:3 | 31419 ||| Stepping ~*~*~tactically~*~*~ (water).
 31420 | Shoals:3 | 31420 ||| Stepping ~*~*~tactically~*~*~ (water).
 31421 | Shoals:3 | 31421 ||| Stepping ~*~*~tactically~*~*~ (water).
 31457 | Shoals:3 | 31457 ||| INVOKING Sacrifice Skill.
 31457 | Shoals:3 | Gained mutation: You are unskilled. (-2 Apt) [Ru sacrifice]
 31457 | Shoals:3 | Reduced skill Axes to level 17
 31457 | Shoals:3 | Reduced skill Dodging to level 6
 31457 | Shoals:3 | Reached ****** piety under Ru
 31510 | Shoals:3 | 31510 ||| PLANNING SPIDER:1-3
 31633 | Spider:1 | Entered Level 1 of the Spider Nest
 31640 | Spider:1 | 31640 ||| READING scroll of brand weapon.
 31640 | Spider:1 | 31640 ||| BRANDING +1 broad axe.
 31848 | Spider:1 | 31848 ||| Stepping ~*~*~tactically~*~*~ (stealth).
 31850 | Spider:1 | 31850 ||| Stepping ~*~*~tactically~*~*~ (stealth).
 31852 | Spider:1 | 31852 ||| Stepping ~*~*~tactically~*~*~ (hiding).
 31858 | Spider:1 | 31858 ||| INVOKING Apocalypse.
 32105 | Spider:1 | 32105 ||| Stepping ~*~*~tactically~*~*~ (stealth).
 32116 | Spider:1 | 32116 ||| Stepping ~*~*~tactically~*~*~ (stealth).
 32118 | Spider:1 | 32118 ||| Stepping ~*~*~tactically~*~*~ (stealth).
 32144 | Spider:1 | Reached skill level 15 in Shields
 32931 | Spider:2 | 32931 ||| FLEEEEING.
 32932 | Spider:2 | 32932 ||| Stepping ~*~*~tactically~*~*~ (hiding).
 32933 | Spider:2 | 32933 ||| STAIRDANCE
 33037 | Spider:2 | 33037 ||| STAIRDANCE
 33039 | Spider:1 | 33039 ||| INVOKING Apocalypse.
 33103 | Spider:2 | 33103 ||| STAIRDANCE
 33109 | Spider:2 | 33109 ||| STAIRDANCE
 33333 | Spider:2 | 33333 ||| STAIRDANCE
 33340 | Spider:1 | HP: 27/126 [demonic crawler (6)]
 33341 | Spider:1 | 33341 ||| READING scroll of teleportation.
 33342 | Spider:1 | 33342 ||| DRINKING 3 potions of heal wounds.
 33854 | Spider:2 | 33854 ||| Stepping ~*~*~tactically~*~*~ (stealth).
 33861 | Spider:2 | Reached skill level 18 in Axes
 33898 | Spider:2 | 33898 ||| Stepping ~*~*~tactically~*~*~ (stealth).
 33899 | Spider:2 | 33899 ||| Stepping ~*~*~tactically~*~*~ (stealth).
 33900 | Spider:2 | 33900 ||| Stepping ~*~*~tactically~*~*~ (stealth).
 33914 | Spider:2 | 33914 ||| FLEEEEING.
 33915 | Spider:2 | 33915 ||| FLEEEEING.
 33916 | Spider:2 | 33916 ||| FLEEEEING.
 33917 | Spider:2 | 33917 ||| FLEEEEING.
 33918 | Spider:2 | 33918 ||| FLEEEEING.
 33919 | Spider:2 | 33919 ||| FLEEEEING.
 33920 | Spider:2 | 33920 ||| FLEEEEING.
 33922 | Spider:2 | 33922 ||| FLEEEEING.
 33926 | Spider:2 | 33926 ||| STAIRDANCE
 34181 | Spider:2 | Noticed Arachne
 34182 | Spider:2 | 34182 ||| STAIRDANCE
 34292 | Spider:2 | 34292 ||| STAIRDANCE
 34298 | Spider:2 | 34298 ||| INVOKING Apocalypse.
 34299 | Spider:2 | 34299 ||| STAIRDANCE
 34308 | Spider:1 | Killed Arachne
 34421 | Spider:2 | 34421 ||| STAIRDANCE
 34426 | Spider:2 | 34426 ||| STAIRDANCE
 34444 | Spider:2 | 34444 ||| STAIRDANCE
 34492 | Spider:2 | 34492 ||| Stepping ~*~*~tactically~*~*~ (stealth).
 34519 | Spider:2 | 34519 ||| Stepping ~*~*~tactically~*~*~ (stealth).
 34521 | Spider:2 | 34521 ||| Stepping ~*~*~tactically~*~*~ (stealth).
 34583 | Spider:2 | Noticed Roxanne
 34606 | Spider:2 | Killed Roxanne
 34676 | Spider:2 | 34676 ||| INVOKING Apocalypse.
 34967 | Spider:3 | 34967 ||| STAIRDANCE
 34971 | Spider:3 | 34971 ||| STAIRDANCE
 34984 | Spider:2 | 34984 ||| FLEEEEING.
 34985 | Spider:2 | 34985 ||| FLEEEEING.
 34986 | Spider:2 | 34986 ||| FLEEEEING.
 34987 | Spider:2 | 34987 ||| FLEEEEING.
 34996 | Spider:2 | 34996 ||| STAIRDANCE
 35111 | Spider:3 | 35111 ||| STAIRDANCE
 35118 | Spider:3 | 35118 ||| STAIRDANCE
 35183 | Spider:3 | 35183 ||| FLEEEEING.
 35184 | Spider:3 | 35184 ||| FLEEEEING.
 35185 | Spider:3 | 35185 ||| FLEEEEING.
 35186 | Spider:3 | 35186 ||| FLEEEEING.
 35187 | Spider:3 | 35187 ||| FLEEEEING.
 35188 | Spider:3 | 35188 ||| FLEEEEING.
 35189 | Spider:3 | 35189 ||| FLEEEEING.
 35190 | Spider:3 | 35190 ||| FLEEEEING.
 35191 | Spider:3 | 35191 ||| FLEEEEING.
 35192 | Spider:3 | 35192 ||| FLEEEEING.
 35193 | Spider:3 | 35193 ||| FLEEEEING.
 35194 | Spider:3 | 35194 ||| FLEEEEING.
 35252 | Spider:3 | Reached XP level 17. HP: 136/137 MP: 14/14
 35334 | Spider:3 | 35334 ||| Stepping ~*~*~tactically~*~*~ (stealth).
 35336 | Spider:3 | 35336 ||| Stepping ~*~*~tactically~*~*~ (stealth).
 35553 | Spider:3 | 35553 ||| Stepping ~*~*~tactically~*~*~ (stealth).
 35584 | Spider:3 | Identified the +1 leather armour of Lethargy {Contam rPois
                  | Dex+5}
 35653 | Spider:3 | 35653 ||| Stepping ~*~*~tactically~*~*~ (stealth).
 35714 | Spider:3 | 35714 ||| Stepping ~*~*~tactically~*~*~ (stealth).
 35780 | Spider:3 | 35780 ||| Stepping ~*~*~tactically~*~*~ (stealth).
 36030 | Spider:3 | 36030 ||| INVOKING Apocalypse.
 36543 | Spider:3 | 36543 ||| PLANNING SHOALS:4
 36666 | Spider:1 | 36666 ||| Stepping ~*~*~tactically~*~*~ (stealth).
 36812 | Shoals:4 | Entered Level 4 of the Shoals
 36813 | Shoals:4 | 36813 ||| STAIRDANCE
 36815 | Shoals:4 | 36815 ||| STAIRDANCE
 36822 | Shoals:3 | Reached skill level 19 in Axes
 36954 | Shoals:4 | 36954 ||| INVOKING Apocalypse.
 36962 | Shoals:4 | HP: 28/135 [barbs]
 36963 | Shoals:4 | 36963 ||| DRINKING 3 potions of heal wounds.
 36964 | Shoals:4 | 36964 ||| DRINKING 2 potions of heal wounds.
 36973 | Shoals:4 | HP: 30/136 [merfolk javelineer/javelin (6)]
 36974 | Shoals:4 | 36974 ||| DRINKING potion of heal wounds.
 36982 | Shoals:4 | HP: 32/136 [merfolk javelineer/javelin (5)]
 36984 | Shoals:4 | HP: 13/136 [merfolk javelineer/javelin (7)]
 37000 | Shoals:4 | 37000 ||| INVOKING Draw Out Power.
 37033 | Shoals:4 | Noticed Ilsuiw
 37035 | Shoals:4 | 37035 ||| FLEEEEING.
 37050 | Shoals:4 | HP: 25/136 [merfolk/boomerang[Ilsuiw] (13)]
 37054 | Shoals:4 | HP: 11/136 [drowned by a water elemental[Ilsuiw] (4)]
 37057 | Shoals:4 | 37057 ||| INVOKING Draw Out Power.
 37059 | Shoals:4 | HP: 24/130 [merfolk impaler/+1 demon trident of
                  | electrocution (18)]
 37061 | Shoals:4 | HP: 2/130 [water elemental[Ilsuiw] (10)]
 37062 | Shoals:4 | Drowned by a water elemental

Levels and vault maps discovered:
D:1:      ebering_trefoil_3fold, layout_basic, basic_ecumenical_altar
D:2:      cheibrodos_old_hovel, layout_basic, basic_altar, uniq_robin,
          uniq_natasha, uniq_jessica
D:3:      layout_basic, mainiacjoe_overflow_tiny_flanked
D:4:      layout_loops_cross, nicolae_overflow_crystal_walls,
          minmay_temple_entry_mist
D:5:      layout_basic
D:6:      layout_basic, overflow_temple_1_default, mainiacjoe_overflow_alcove_4,
          uniq_duvessa, uniq_maggie, uniq_blork_the_orc, uniq_edmund,
          uniq_prince_ribbit1
D:7:      layout_cave_pods
D:8:      layout_loops_ring, due_lair_maze_entry_diamond, serial_shops, shop,
          serial_glass, glass_columns_a, glass_columns_a, minmay_crossroads
D:9:      layout_grid_maze, minmay_st_funbox
D:10:     minmay_the_grid_3x2 [minmay_the_grid_eight, minmay_the_grid_empty,
          minmay_the_grid_minigrid_small_alt, minmay_the_grid_dragon_b,
          minmay_the_grid_outer_circle, minmay_the_grid_prize_big_room],
          layout_basic, mainiacjoe_overflow_large_starburst,
          ploomutoo_gammafunk_ghost_potion_laboratory
D:11:     layout_irregular_city, minmay_orc_entry_temple_small,
          serial_column_ruins, column_ruins_square_medium, column_ruins_hut,
          column_ruins_grid_1, column_ruins_open_tiny, column_ruins_grid_1,
          column_ruins_open_large, column_ruins_corridor_T,
          minmay_mirror_moons_of_madness
D:12:     hellmonk_paralyzer, layout_basic
D:13:     layout_cave_pools, skrybe_vaults_entry_preservation,
          dk_noncrumbling_2, hangedman_ru_absence, uniq_rupert
D:14:     layout_basic, dreamdust_princess_corridor
D:15:     hangedman_depths_entry_try_elsewhere_first, layout_long_grid,
          amcnicky_mini_pool_small, serial_shops, nicolae_square_shop,
          serial_glass, glass_columns_b, glass_columns_a,
          chequers_serial_rivers_small_3
Temple:   nicolae_temple_bog_church
Lair:1:   lemuel_slime, layout_cellular_growth, gauntlet_entry_generic
Lair:2:   layout_regular_city, spider_nest_entry_funnel_web,
          portal_ice_cave_entry_imps
Lair:3:   hellmonk_ruined_rings, layout_layer_cave, minmay_shoals_entry_hut
Lair:4:   layout_gridlike, serial_bayou, serial_bayou_shore_a,
          serial_bayou_lagoon_a, serial_bayou_pond_d, serial_bayou_lagoon_b
Lair:5:   hellmonk_lair_end_abyssal_woods, layout_loops_ring, slime_entry_1,
          uniq_snorg
Shoals:1: layout_shoals, serial_shops, nicolae_shop_waterfront
Shoals:2: layout_shoals, nicolae_shoals_seven_spires
Shoals:3: layout_shoals, nicolae_specific_store
Shoals:4: shoals_end_hangedman, layout_shoals, shoal_ilsuiw
Spider:1: layout_spider_delve
Spider:2: layout_spider_delve, hangedman_spider_tarantella_strand, uniq_roxanne,
          uniq_arachne
Spider:3: layout_cave_pods, drop_trap
Orc:1:    layout_diamond_mine, serial_shops, shop, basic_altar, mines2_david
Orc:2:    st_orc_mages, layout_diamond_mine, roderic_batcave

Skill      XL: |  1  2  3  4  5  6  7  8  9 10 11 12 13 14 15 16 17 |
---------------+----------------------------------------------------+-----
Axes           | 3 4 5 7 8 10 12 13 15 17 19 17 18 19 | 19.0
Dodging        | 1 2 3 5 6 8 7 6 |  6.6
Fighting       | 4 5 6 8 9 11 13 14 17 15 14 | 14.5
Throwing       | 1 2 3 3 |  3.3
Armour         | 5 8 9 12 13 15 14 13 | 13.1
Shields        | 4 5 7 9 10 14 15 16 | 16.4

Action                   |  1- 3 |  4- 6 |  7- 9 | 10-12 | 13-15 | 16-18 || total
-------------------------+-------+-------+-------+-------+-------+-------++-------
Melee: War axe           |    34 |   119 |   259 |   599 |    47 |       ||  1058
       Headbutt          |     4 |    19 |    57 |   137 |   334 |   182 ||   733
       Flail             |       |       |       |    10 |       |       ||    10
       Broad axe         |       |       |       |       |  1289 |   702 ||  1991
       Morningstar       |       |       |       |       |    24 |       ||    24
Throw: Boomerang         |       |       |    74 |   101 |   244 |   112 ||   531
Invok: Sacrifice Love    |       |       |     1 |       |       |       ||     1
       Sacrifice Artific |       |       |       |     1 |       |       ||     1
       Reject Sacrifices |       |       |       |     1 |     2 |       ||     3
       Apocalypse        |       |       |       |       |     1 |     9 ||    10
       Sacrifice Skill   |       |       |       |       |     1 |     1 ||     2
       Draw Out Power    |       |       |       |       |     1 |     2 ||     3
  Use: Scroll            |     3 |     5 |     5 |     7 |    16 |     5 ||    41
       Potion            |       |     2 |     5 |       |     1 |     7 ||    15
 Stab: Invisible         |       |       |       |     3 |     5 |     7 ||    15
       Distracted        |       |       |       |     1 |     4 |     8 ||    13
       Paralysed         |       |       |       |       |       |     2 ||     2
Armor: Scale mail        |     8 |    20 |       |       |       |       ||    28
       Chain mail        |       |    25 |    26 |       |       |       ||    51
       Swamp dragon scal |       |       |    55 |    19 |       |       ||    74
       Plate armour      |       |       |       |   236 |   512 |   302 ||  1050
Dodge: Dodged            |    26 |    62 |   135 |   237 |   491 |   155 ||  1106
Block: Buckler           |    11 |    22 |    41 |   122 |   254 |       ||   450
       Reflection        |       |       |       |       |    29 |    32 ||    61
       Tower shield      |       |       |       |       |   530 |   747 ||  1277

Table legend:
 A = Non-vault XP
 B = Vault XP
 C = Vault XP percentage of total XP
 D = Non-vault monster count
 E = Vault monster count
 F = Vault count percentage of total count
                 A         B        C        D         E       F
            +---------+---------+-------+---------+---------+-------
      Total |  194266 |   49111 |  20.2 |     705 |     222 |  23.9
            +---------+---------+-------+---------+---------+-------
        D:1 |      11 |       0 |   0.0 |       6 |       0 |   0.0
        D:2 |     100 |     111 |  52.6 |      12 |      16 |  57.1
        D:3 |      81 |       0 |   0.0 |      16 |       0 |   0.0
        D:4 |     609 |       0 |   0.0 |      25 |       0 |   0.0
        D:5 |     529 |     365 |  40.8 |      20 |       1 |   4.8
        D:6 |     685 |     680 |  49.8 |      20 |       5 |  20.0
        D:7 |    1021 |       0 |   0.0 |      14 |       0 |   0.0
        D:8 |    2442 |    1331 |  35.3 |      29 |      10 |  25.6
        D:9 |    2695 |       0 |   0.0 |      18 |       0 |   0.0
       D:10 |    4393 |    5456 |  55.4 |      25 |      13 |  34.2
       D:11 |    6759 |    3418 |  33.6 |      22 |      15 |  40.5
       D:12 |    4467 |    2438 |  35.3 |      17 |       7 |  29.2
       D:13 |   10017 |    6756 |  40.3 |      24 |      10 |  29.4
       D:14 |   15044 |    1582 |   9.5 |      38 |       2 |   5.0
       D:15 |    5575 |     703 |  11.2 |      11 |       2 |  15.4
     Lair:1 |    7793 |     426 |   5.2 |      35 |      18 |  34.0
     Lair:2 |    7761 |     612 |   7.3 |      33 |      14 |  29.8
     Lair:3 |    8460 |     216 |   2.5 |      29 |       1 |   3.3
     Lair:4 |    6533 |       0 |   0.0 |      27 |       0 |   0.0
     Lair:5 |   10930 |   12859 |  54.1 |      27 |      42 |  60.9
   Shoals:1 |    9156 |       0 |   0.0 |      21 |       0 |   0.0
   Shoals:2 |   12538 |       0 |   0.0 |      26 |       0 |   0.0
   Shoals:3 |   17856 |       0 |   0.0 |      40 |       0 |   0.0
   Shoals:4 |    8992 |    2653 |  22.8 |      17 |       4 |  19.0
   Spider:1 |   15089 |    2150 |  12.5 |      39 |       1 |   2.5
   Spider:2 |   12431 |    1671 |  11.8 |      28 |       2 |   6.7
   Spider:3 |   17267 |       0 |   0.0 |      40 |       0 |   0.0
      Orc:1 |    2579 |    1530 |  37.2 |      33 |      16 |  32.7
      Orc:2 |    2453 |    4154 |  62.9 |      13 |      43 |  76.8
            +---------+---------+-------+---------+---------+-------
